 Dungeon Crawl Stone Soup version 0.30-a0-694-g3340775977 (webtiles) character file.

Game seed: 6779426279540637037

204769 Essalna the Warrior (level 18, -6/117 (125) HPs)
             Began as a Gargoyle Earth Elementalist on Jan 18, 2023.
             Was a High Priest of Vehumet.
             Mangled by Foasmeck's ghost (18 damage)
             ... on level 1 of the Vaults on Jan 20, 2023.
             The game lasted 02:14:36 (39194 turns).

Essalna the Warrior (Gargoyle Earth Elementalist)  Turns: 39194, Time: 02:14:36

HP:   -6/117 (125)  AC: 28    Str: 15    XL:     18   Next: 66%
MP:   6/27          EV: 13    Int: 25    God:    Vehumet [*****.]
Gold: 2639          SH:  5    Dex: 10    Spells: 7/29 levels left

rFire   + . .      SeeInvis .    Q - +1 quarterstaff (spect)
rCold   . . .      Faith    .    (shield currently unavailable)
rNeg    + . .      Spirit   .    M - +0 troll leather armour
rPois   ∞          Reflect  +    (no helmet)
rElec   +          Harm     .    j - +2 cloak
rCorr   .          Rampage  .    U - +2 pair of gloves of Dithmenos's Regard {+Inv}
Will    +....                    x - +0 pair of boots
Stlth   ++                       E - amulet of reflection
HPRegen 1.19/turn                L - +6 ring of intelligence
MPRegen 0.20/turn                X - ring of wizardry

@: mighty, on berserk cooldown, flying, slowed, drained, very slow
A: sickness immunity, AC +13, big wings, negative energy resistance 1,
electricity resistance, torment resistance 1, petrification resistance, dopey 1,
fire resistance 1
}: 1/15 runes: decaying
a: Renounce Religion, Evoke Invisibility


You were on level 1 of the Vaults.
You worshipped Vehumet.
Vehumet was extremely pleased with you.
You visited 6 branches of the dungeon, and saw 28 of its levels.
You also visited: Ice Cave.

You collected 3360 gold pieces.
You spent 721 gold pieces at shops.

Inventory:

Hand Weapons
 Q - a +1 spectral quarterstaff (weapon)
Armour
 e - a +2 robe of willpower
 j - a +2 cloak (worn)
 l - the +1 ring mail "Leerepur" {Str+9}
   (You found it on level 3 of the Dungeon)

   Str:       It affects your strength (+9).
 x - a +0 pair of boots (worn)
 M - a +0 troll leather armour (worn)
 U - the +2 pair of gloves of Dithmenos's Regard (worn) {+Inv}
   (You acquired it on level 3 of the Lair of Beasts)

   +Inv:      It lets you turn invisible.
 V - a +0 buckler
 Z - a +0 robe of resistance
Magical Staves
 c - a staff of fire
 k - a staff of earth
Jewellery
 o - a ring of see invisible
 u - the ring "Osaf" {Ice SInv}
   (You found it on level 4 of the Dungeon)

   [ring of ice]

   It enhances your ice magic.
   rF:        It makes you vulnerable to fire.
   rC:        It protects you from cold.
   SInv:      It lets you see invisible.
 y - a ring of magical power
 C - a ring of positive energy
 E - an amulet of reflection (around neck)
 G - an amulet of the acrobat
 I - a +5 ring of evasion
 J - a ring of ice
 L - a +6 ring of intelligence (left hand)
 O - a ring of willpower
 P - a +5 ring of evasion
 R - a ring of protection from fire
 T - a ring of willpower
 X - a ring of wizardry (right hand)
Wands
 h - a wand of iceblast (14)
 q - a wand of light (43)
 N - a wand of digging (14)
Scrolls
 a - 9 scrolls of identify
 i - a scroll of torment
 m - 5 scrolls of fog
 n - 6 scrolls of immolation
 t - 4 scrolls of magic mapping
 v - a scroll of summoning
 z - 6 scrolls of vulnerability
 A - a scroll of amnesia
 F - 3 scrolls of poison
 H - 3 scrolls of enchant weapon
 K - 5 scrolls of enchant armour
 S - 3 scrolls of brand weapon
Potions
 b - 3 potions of magic
 f - 6 potions of curing
 g - 6 potions of might
 s - 5 potions of attraction
 w - 3 potions of mutation
 B - 3 potions of invisibility
 D - 6 potions of haste
 W - 4 potions of brilliance
 Y - a potion of berserk rage


   Skills:
 + Level 18.1 Fighting
 - Level 13.0 Armour
 - Level 7.0 Dodging
 - Level 2.1 Stealth
 - Level 6.2 Spellcasting
 - Level 11.1 Conjurations
 - Level 13.0 Summonings
 - Level 13.0 Translocations
 - Level 0.7 Transmutations
 + Level 14.1 Earth Magic


You had 7 spell levels left.
You knew the following spells:

 Your Spells              Type           Power      Damage    Failure   Level
a - Sandblast             Erth           100%       2d20      1%          1
b - Stone Arrow           Conj/Erth      100%       3d13      1%          3
c - Malign Gateway        Summ/Tloc      32%        N/A       13%         7
d - Iron Shot             Conj/Erth      31%        9d6       1%          6
e - Lee's Rapid Deconstr  Erth           34%        3d17*     1%          5

Your spell library contained the following spells:

 Spells                   Type           Power      Damage    Failure   Level
 Shatter                  Erth           34%        3d27*     88%         9
 Chain Lightning          Conj/Air       17%        3d23      100%        9
 Fire Storm               Conj/Fire      17%        8d5       100%        9
 Apportation              Tloc           100%       N/A       1%          1
 Shock                    Conj/Air       100%       1d9       1%          1
 Summon Small Mammal      Summ           100%       N/A       1%          1
 Passwall                 Tmut/Erth      36%        N/A       1%          2
 Poisonous Vapours        Pois/Air       14%        N/A       1%          2
 Call Canine Familiar     Summ           65%        N/A       1%          3
 Dazzling Flash           Conj/Hex       70%        N/A       1%          3
 Hailstorm                Conj/Ice       35%        3d9       1%          3
 Kindle Blastsparks       Fire/Tloc/Air  58%        2d14      1%          3
 Portal Projectile        Hex/Tloc       80%        N/A       1%          3
 Summon Guardian Golem    Hex/Summ       40%        N/A       1%          3
 Vhi's Electric Charge    Tloc/Air       80%        N/A       1%          3
 Fulminant Prism          Conj/Hex       17%        3d11      1%          4
 Iskenderun's Mystic Bla  Conj/Tloc      62%        2d13      1%          4
 Petrify                  Tmut/Erth      44%        N/A       1%          4
 Sticky Flame             Conj/Fire      35%        2d5       1%          4
 Ignite Poison            Fire/Tmut/Pois 8%         N/A       2%          3
 Irradiate                Conj/Tmut      18%        3d17      2%          5
 Necrotise                Necr           28%        1d5       3%          1
 Slow                     Hex            28%        N/A       3%          1
 Sting                    Tmut/Pois      36%        1d4       3%          1
 Arcjolt                  Conj/Air       17%        1d27      3%          5
 Fireball                 Conj/Fire      17%        3d9       3%          5
 Ensorcelled Hibernation  Hex/Ice        14%        N/A       5%          2
 Spellforged Servitor     Conj/Summ      31%        N/A       5%          7
 Orb of Destruction       Conj           29%        9d9       9%          7
 Airstrike                Air            3%         2d(1-17)  10%         4
 Olgreb's Toxic Radiance  Pois           7%         N/A       10%         4
 Confusing Touch          Hex            7%         N/A       11%         3
 Ozocubu's Armour         Ice            7%         N/A       11%         3
 Swiftness                Air            7%         N/A       11%         3
 Vampiric Draining        Necr           7%         2d6       11%         3
 Yara's Violent Unravell  Hex/Tmut       4%         3d4       21%         5
 Ice Form                 Ice/Tmut       9%         N/A       28%         4
 Blade Hands              Tmut           5%         N/A       52%         5
 Alistair's Intoxication  Tmut/Pois      6%         N/A       58%         5
 Agony                    Necr           7%         N/A       65%         5
 Metabolic Englaciation   Hex/Ice        3%         N/A       65%         5
 Silence                  Hex/Air        3%         N/A       65%         5
 Simulacrum               Ice/Necr       3%         N/A       99%         6
 Dragon Form              Tmut           5%         N/A       100%        7
 Summon Horrible Things   Summ           32%        N/A       67%         8
 Ignition                 Fire           3%         3d4       100%        8
 Maxwell's Capacitive Co  Air            3%         ∞         100%        8


Dungeon Overview and Level Annotations

Branches:
Dungeon (15/15)            Temple (1/1) D:5            Lair (5/5) D:11
  Swamp (4/4) Lair:2        Snake (0/4) Lair:3        Slime (0/5) Lair:5
    Orc (2/2) D:11            Elf (0/3) Orc:2        Vaults (1/5) D:13
 Depths (0/4) D:15          IceCv (visited)

Altars:
Ashenzari
Cheibriados
Dithmenos
Elyvilon
Gozag
Hepliaklqana
Kikubaaqudgha
Makhleb
Okawaru
Qazlal
Ru
Sif Muna
Trog
Uskayaw
Vehumet
Wu Jian
Xom
Yredelemnul
Zin
The Shining One
Jiyva

Shops:
D:9 !   D:13 (   D:14 (   Orc:2 *:!=

Annotations:
Vaults:1 6 runed translucent doors, Foasmeck's ghost, veteran MiFi


Innate Abilities, Weirdness & Mutations

You are immune to sickness and miasma.
Your stone body is resilient. (AC +13)
You are immune to poison.
Your large and strong wings let you fly.
You resist negative energy. (rN+)
You are resistant to electric shocks. (rElec)
You are resistant to unholy torment.
You are immune to petrification.
You are dopey. (Int -2)
Your flesh is heat resistant. (rF+)


Message History

Foasmeck's ghost is heavily damaged.
Foasmeck's ghost hits the eldritch tentacle segment but does no damage.
Foasmeck's ghost hits itself but does no damage.
The eldritch tentacle barely misses you.
The eldritch tentacle completely misses you.
You hit Foasmeck's ghost but do no damage.
Foasmeck's ghost is heavily damaged.
The eldritch tentacle closely misses you.
The eldritch tentacle claws you!
You feel your power leaking away.
The eldritch tentacle barely misses you.
The eldritch tentacle claws you.
You feel very mighty all of a sudden.
An eldritch tentacle segment comes into view.
The eldritch tentacle closely misses you.
The eldritch tentacle claws you!!
A red film seems to cover your vision as you go berserk!
You feel yourself moving faster!
You feel mighty!
An eldritch tentacle segment comes into view.
You feel a bond with your +1 spectral quarterstaff.
Q - a +1 spectral quarterstaff (weapon)
Foasmeck's ghost seems less confused.
The eldritch tentacle slaps you. The eldritch tentacle freezes you!!!
* * * LOW HITPOINT WARNING * * *
The eldritch tentacle claws you but does no damage.
An eldritch tentacle segment comes into view.
You are too berserk!
You feel a strong urge to attack something.
The eldritch tentacle barely misses you. x2
You feel your anger nearly subside.
Foasmeck's ghost says, "Very impressive.
But it won't help.
Nothing will."
The eldritch tentacle slaps you but does no damage.
You block the eldritch tentacle's attack.
You closely miss Foasmeck's ghost.
Foasmeck's ghost is heavily damaged.
Your +1 spectral quarterstaff misses Foasmeck's ghost.
You are no longer berserk.
You are exhausted.
You feel yourself slow down. Foasmeck's ghost hits you!!
You die...

...'[...[...#....#
...##########....#############
..)#........#....#...........#
...#........#....'....)).....#
.).'........'....#..##'####..#
...'........'....#..#.)...#..#
...#........#....#..#.....#..#
...#........#..wW#..#)....#..#
...##########..(@#..#.....#cJ#
...+........#....#..#.....#c.#
..)#......[.'....#..#######..#
##################...........#
############# #...........#
#.†.........# ###)#########
#.##.....##.#####)....#
#..##...##..#.......#.#
#...##.##...#..#.)#...#


You could see an eldritch tentacle, Foasmeck's ghost (fast) and a friendly +1
spectral quarterstaff (summoned).

Vanquished Creatures
  the Lernaean hydra (Swamp:3)
  A tengu reaver (Vaults:1)
  A storm dragon (D:13)
  3 fenstrider witches
  3 vault wardens (Vaults:1)
  5 ironbound preservers
  An ironbound thunderhulk (Vaults:1)
  7 eleionomae
  A stone giant (Vaults:1)
  A white draconian (IceCv)
  9 bunyips
  An ettin (D:13)
  A fire dragon (D:14)
  A yaktaur captain (Vaults:1)
  A shambling mangrove (Swamp:4)
  An entropy weaver (Vaults:1)
  An ice dragon (Swamp:3)
  Erolcha (Orc:1)
  2 great orbs of eyes (Vaults:1)
  18 hydras
  4 boulder beetles
  2 ogre magi (D:15)
  10 alligators
  A catoblepas (Lair:4)
  11 centaur warriors
  3 ghost crabs
  3 ironbound frosthearts
  A death knight (D:15)
  A two-headed ogre (shapeshifter) (D:15)
  8 two-headed ogres
  A deep troll earth mage (D:13)
  2 orc high priests
  A tengu warrior (D:14)
  Nergalle (D:11)
  A spriggan berserker (Swamp:3)
  Sonja (Orc:1)
  7 spriggans
  18 deep trolls
  11 swamp dragons
  3 spriggan druids
  9 goliath frogs
  2 death drakes (Swamp:3)
  3 bog bodies
  3 wizards
  4 ironbound convokers (Vaults:1)
  A necromancer (D:15)
  Pikel (D:5)
  9 lindwurms
  2 wolf spider zombies (D:15)
  A deep elf zephyrmancer (D:9)
  6 deep elf pyromancers
  3 orc knights
  3 cyclopes
  6 orc sorcerers
  28 ugly things
  A wolf spider (shapeshifter) (D:12)
  A manticore (D:15)
  A shining eye (shapeshifter) (Vaults:1)
  5 black mambas
  9 elephants
  2 will-o-the-wisps
  A centaur zombie (D:15)
  A naga mage (D:15)
  3 vault sentinels (Vaults:1)
  2 gargoyles
  Maggie (Lair:2)
  2 torpor snails
  2 kobold demonologists
  14 cane toads
  18 rime drakes
  2 yaktaurs (Vaults:1)
  An unseen horror (D:12)
  A freezing wraith (D:14)
  9 komodo dragons
  A tengu conjurer (D:14)
  9 trolls
  19 polar bears
  18 tyrant leeches
  A bloated husk (Swamp:3)
  A wind drake (shapeshifter) (D:12)
  12 hornets
  25 blink frogs
  A harpy skeleton (D:15)
  12 dream sheep
  2 shadows
  20 slime creatures
  3 wyverns
  A human (D:11)
  A wraith (D:12)
  75 yaks
  4 basilisks
  A fire bat (shapeshifter) (D:13)
  3 steam dragons
  A basilisk (shapeshifter) (D:13)
  21 vampire mosquitoes
  2 redbacks
  4 wargs
  15 swamp worms
  2 acid dragons (D:13)
  20 water moccasins
  11 swamp drakes
  16 orc warriors
  3 ice beasts
  A sky beast (D:7)
  4 black bears
  11 ogres
  5 boggarts (D:14)
  16 centaurs
  A phantom (D:6)
  3 kobold brigands
  A gnoll sergeant (D:10)
  2 necrophages
  6 scorpions
  11 bullfrogs
  8 wights
  A hornet simulacrum (D:15)
  5 killer bees
  8 howler monkeys
  3 electric eels
  2 lava snakes (D:9)
  5 hounds
  2 jellies
  29 orc priests
  8 iguanas
  41 orc wizards
  10 hell rats
  10 adders
  12 gnolls
  3 white imps
  2 worms
  4 dart slugs
  64 orcs
  5 endoplasms
  6 giant cockroaches
  9 goblins
  10 hobgoblins
  7 jackals
  5 quokkas
  6 ball pythons
  5 bats
  4 frilled lizards (D:1)
  19 kobolds
  3 rats
968 creatures vanquished.

Vanquished Creatures (collateral kills)
  A tengu reaver (Vaults:1)
  A vault warden (Vaults:1)
  A nameless horror (Vaults:1)
  A lindwurm (Lair:2)
  A cyclops (D:13)
5 creatures vanquished.

Vanquished Creatures (others)
  2 eldritch tentacles (Vaults:1)
  An orc wizard (Orc:2)
  2 orcs
  6 foxfires
  16 fungi
  139 plants
166 creatures vanquished.

Grand Total: 1139 creatures vanquished

Notes
Turn   | Place    | Note
-------+----------+-------------------------------------------
     0 | D:1      | Essalna the Gargoyle Earth Elementalist began the quest for
                  | the Orb.
     0 | D:1      | Reached XP level 1. HP: 10/10 MP: 3/3
   247 | D:1      | Reached skill level 1 in Fighting
   248 | D:1      | Reached XP level 2. HP: 16/16 MP: 0/5
   551 | D:1      | Reached XP level 3. HP: 21/21 MP: 4/6
   555 | D:1      | Learned a level 3 spell: Stone Arrow
   709 | D:1      | Reached skill level 2 in Fighting
  1062 | D:2      | Reached skill level 1 in Conjurations
  1309 | D:2      | Reached XP level 4. HP: 27/27 MP: 4/7
  1466 | D:2      | Found a sacrificial altar of Ru.
  2130 | D:3      | Noticed a scorpion
  2136 | D:3      | Killed a scorpion
  2137 | D:3      | Reached skill level 3 in Fighting
  2137 | D:3      | Reached skill level 5 in Earth Magic
  2137 | D:3      | Reached XP level 5. HP: 32/32 MP: 4/8
  2150 | D:3      | Identified the +1 ring mail "Leerepur" {Str+9}
  2560 | D:3      | Found an iron altar of Okawaru.
  2562 | D:3      | Found a white marble altar of Elyvilon.
  2566 | D:3      | Found a glowing golden altar of the Shining One.
  3064 | D:4      | Reached skill level 1 in Armour
  3064 | D:4      | Reached XP level 6. HP: 35/37 MP: 5/9
  3405 | D:4      | Identified the ring "Osaf" {Ice SInv}
  4028 | D:5      | Entered Level 5 of the Dungeon
  4032 | D:5      | Reached skill level 4 in Fighting
  4032 | D:5      | Reached XP level 7. HP: 39/43 MP: 6/10
  4246 | D:5      | Noticed Pikel
  4259 | D:5      | Killed Pikel
  4260 | D:5      | Reached skill level 5 in Fighting
  4260 | D:5      | Reached XP level 8. HP: 32/49 MP: 5/11
  4618 | D:5      | Reached skill level 5 in Conjurations
  4671 | D:5      | Found a staircase to the Ecumenical Temple.
  4677 | Temple   | Entered the Ecumenical Temple
  4814 | Temple   | Became a worshipper of Vehumet
  4877 | D:5      | Found a basalt altar of Yredelemnul.
  5140 | D:6      | Reached XP level 9. HP: 55/55 MP: 7/12
  5315 | D:6      | Reached skill level 6 in Fighting
  5355 | D:6      | Reached skill level 5 in Armour
  5445 | D:6      | Reached * piety under Vehumet
  5445 | D:6      | Offered knowledge of Kiss of Death by Vehumet.
  6037 | D:7      | Noticed a troll
  6040 | D:7      | Killed a troll
  6041 | D:7      | Reached skill level 7 in Fighting
  6041 | D:7      | Reached skill level 5 in Dodging
  6331 | D:7      | Reached XP level 10. HP: 63/63 MP: 10/13
  7216 | D:8      | Offered knowledge of Scorch by Vehumet.
  7217 | D:8      | Reached skill level 8 in Fighting
  7851 | D:9      | Reached ** piety under Vehumet
  7964 | D:9      | Noticed a deep elf zephyrmancer
  7968 | D:9      | Killed a deep elf zephyrmancer
  7984 | D:10     | Entered Level 10 of the Dungeon
  8084 | D:10     | Reached skill level 10 in Earth Magic
  8277 | D:9      | Found Nematid's Distillery.
  8490 | D:9      | Identified the +1 flail of Ambiguity {protect, Drain rC+
                  | Str+9 Stlth+}
  8618 | D:9      | Reached XP level 11. HP: 68/69 MP: 9/14
  8626 | D:9      | Offered knowledge of Kindle Blastsparks by Vehumet.
  8627 | D:9      | Reached skill level 9 in Fighting
  8805 | D:9      | Found an opulent altar of Gozag.
  8825 | D:9      | Identified the +1 chain mail of the Circus Animal {Str+4}
  8837 | D:9      | Found a glowing silver altar of Zin.
  8857 | D:9      | Reached *** piety under Vehumet
  9172 | D:9      | Bought a potion of magic for 112 gold pieces
  9172 | D:9      | Bought a potion of heal wounds for 70 gold pieces
  9327 | D:10     | Identified the +7 short sword of Bisaagent {spect, Str+3}
  9765 | D:11     | HP: 1/72 [centaur/arrow (3)]
  9768 | D:11     | Offered knowledge of Dazzling Flash by Vehumet.
  9852 | D:10     | Reached skill level 10 in Fighting
 10034 | D:11     | Found a staircase to the Orcish Mines.
 10270 | D:11     | Learned a level 7 spell: Malign Gateway
 10421 | D:11     | Reached skill level 1 in Summonings
 10421 | D:11     | Reached skill level 1 in Translocations
 10580 | D:11     | Found a staircase to the Lair.
 10695 | Lair:1   | Entered Level 1 of the Lair of Beasts
 10711 | Lair:1   | Reached XP level 12. HP: 35/78 MP: 7/15
 10772 | Lair:1   | Reached skill level 10 in Armour
 10774 | Lair:1   | Reached **** piety under Vehumet
 11150 | Lair:1   | Offered knowledge of Mephitic Cloud by Vehumet.
 11158 | Lair:1   | Reached skill level 11 in Fighting
 11845 | Lair:2   | Found a staircase to the Swamp.
 11943 | Lair:2   | Noticed Maggie
 11949 | Lair:2   | Killed Maggie
 12876 | Lair:3   | Reached XP level 13. HP: 37/84 MP: 10/16
 12955 | Lair:3   | Found a staircase to the Snake Pit.
 13177 | Lair:3   | Identified a scroll of acquirement
 13177 | Lair:3   | Acquired the +2 pair of gloves of Dithmenos's Regard {+Inv}
 13184 | Lair:3   | Reached ***** piety under Vehumet
 13222 | Lair:3   | Got the Spellbook of Weird Fulmination
 13288 | Lair:3   | Offered knowledge of Lightning Bolt by Vehumet.
 13885 | Lair:4   | Reached skill level 5 in Summonings
 13891 | Lair:4   | Reached skill level 5 in Translocations
 13963 | Lair:4   | Reached skill level 12 in Fighting
 14902 | Lair:5   | Entered Level 5 of the Lair of Beasts
 15642 | Lair:4   | Gained mutation: Your large and strong wings let you fly.
                  | [Gargoyle growth]
 15642 | Lair:4   | Reached XP level 14. HP: 42/92 MP: 13/17
 15707 | Lair:4   | Offered knowledge of Iron Shot by Vehumet.
 15723 | Lair:4   | Learned a level 6 spell: Iron Shot
 16217 | Lair:5   | Reached skill level 13 in Fighting
 16361 | Lair:5   | Found a viscous altar of Jiyva.
 16362 | Lair:5   | Found a staircase to the Slime Pits.
 17159 | Orc:1    | Entered Level 1 of the Orcish Mines
 17314 | Orc:1    | Noticed Erolcha
 17316 | Orc:1    | Noticed Nergalle
 17318 | Orc:1    | Noticed Sonja
 17320 | Orc:1    | Killed Erolcha
 17403 | D:11     | Killed Nergalle
 17480 | Orc:1    | Killed Sonja
 17726 | Orc:1    | Gained mutation: You are occasionally teleported next to
                  | monsters. [a neqoxec]
 17981 | Orc:2    | Entered Level 2 of the Orcish Mines
 18140 | Orc:2    | Paralysed by an orc sorcerer for 5 turns
 18369 | Orc:2    | Paralysed by an orc sorcerer for 4 turns
 18381 | Orc:1    | Paralysed by an orc sorcerer for 3 turns
 19122 | Orc:2    | Offered knowledge of Freezing Cloud by Vehumet.
 19258 | Orc:2    | Found a staircase to the Elven Halls.
 19315 | Orc:2    | Found Dozuf's Jewellery Shop.
 19315 | Orc:2    | Found Faagg's Distillery.
 19316 | Orc:2    | Found Kosasoiv's Assorted Antiques.
 19319 | Orc:2    | Found Fiqemiuk's Book Boutique.
 19329 | Orc:2    | Bought a potion of heal wounds for 55 gold pieces
 19329 | Orc:2    | Bought a potion of ambrosia for 88 gold pieces
 19534 | Orc:2    | Bought an Everburning Encyclopedia for 396 gold pieces
 20118 | D:12     | Reached XP level 15. HP: 100/100 MP: 11/18
 20825 | D:13     | Found a gate to the Vaults.
 21049 | D:13     | Found Lann's Weapon Boutique.
 21071 | D:13     | Reached skill level 14 in Fighting
 21156 | D:13     | Noticed a storm dragon
 21202 | D:13     | Killed a storm dragon
 21573 | D:13     | Offered knowledge of Starburst by Vehumet.
 22339 | D:13     | Identified the +1 scale mail of Waheemp {rF- Dex-5 SInv
                  | Stlth+}
 23337 | D:14     | Found a broken altar of Ashenzari.
 23351 | D:14     | Found Ytibbi's Antique Weapon Shoppe.
 23725 | D:15     | Entered Level 15 of the Dungeon
 24927 | D:15     | Reached XP level 16. HP: 101/107 MP: 19/19
 24940 | D:15     | Reached skill level 15 in Fighting
 25406 | D:15     | Reached skill level 10 in Conjurations
 25690 | D:15     | Found a staircase to the Depths.
 26196 | Swamp:1  | Entered Level 1 of the Swamp
 26881 | Swamp:1  | Reached skill level 10 in Summonings
 26881 | Swamp:1  | Reached skill level 10 in Translocations
 26968 | Swamp:1  | Lost mutation: You are occasionally teleported next to
                  | monsters. [potion of mutation]
 26968 | Swamp:1  | Gained mutation: Your flesh is heat resistant. (rF+)
                  | [potion of mutation]
 26969 | Swamp:1  | Upgraded the game from 0.30-a0-651-g0755cc6dcf to
                  | 0.30-a0-694-g3340775977
 26982 | Swamp:1  | You are sucked into a shaft and drop 1 floor!
 27474 | Swamp:3  | Found a frozen archway.
 27508 | IceCv    | Entered an ice cave
 27514 | IceCv    | Reached ****** piety under Vehumet
 27514 | IceCv    | Offered knowledge of Conjure Ball Lightning by Vehumet.
 27949 | IceCv    | Learned a level 5 spell: Lee's Rapid Deconstruction
 28372 | IceCv    | Reached skill level 5 in Spellcasting
 28506 | IceCv    | Noticed a shard shrike
 28945 | Swamp:3  | Noticed a fenstrider witch
 28998 | Swamp:3  | Paralysed by a fenstrider witch for 2 turns
 29002 | Swamp:3  | Killed a fenstrider witch
 29144 | Swamp:3  | Reached XP level 17. HP: 45/114 MP: 8/26
 30121 | Swamp:1  | Reached skill level 16 in Fighting
 31418 | Swamp:3  | Offered knowledge of Ozocubu's Refrigeration by Vehumet.
 31644 | Swamp:3  | Paralysed by a fenstrider witch for 5 turns
 31688 | Swamp:3  | Paralysed by a fenstrider witch for 3 turns
 32575 | Swamp:4  | Entered Level 4 of the Swamp
 33059 | Swamp:4  | Noticed the 27-headed Lernaean hydra
 33072 | Swamp:3  | Killed the 27-headed Lernaean hydra
 34137 | Swamp:3  | Reached skill level 17 in Fighting
 34223 | Swamp:4  | Offered knowledge of Lehudib's Crystal Spear by Vehumet.
 34815 | Swamp:4  | Got a decaying rune of Zot
 35129 | Vaults:1 | Entered Level 1 of the Vaults
 35625 | Vaults:1 | Reached XP level 18. HP: 86/124 MP: 10/27
 35843 | Vaults:1 | HP: 2/124 [deep troll[an ironbound preserver] (8)]
 36471 | Vaults:1 | Found a large runed translucent door.
 36471 | Vaults:1 | Found a large runed translucent door.
 36472 | Vaults:1 | Found a large runed translucent door.
 36472 | Vaults:1 | Found a large runed translucent door.
 36472 | Vaults:1 | Noticed Foasmeck's ghost (veteran MiFi)
 36473 | Vaults:1 | Found a large runed translucent door.
 36473 | Vaults:1 | Found a large runed translucent door.
 36474 | Vaults:1 | Found a large runed translucent door.
 36474 | Vaults:1 | Found a large runed translucent door.
 36804 | Vaults:1 | HP: 3/124 [yaktaur captain (16)]
 37106 | Vaults:1 | Gained mutation: You are dopey. (Int -2) [a shining eye]
 38060 | Vaults:1 | Offered knowledge of Fire Storm by Vehumet.
 38060 | Vaults:1 | Offered knowledge of Shatter by Vehumet.
 38060 | Vaults:1 | Offered knowledge of Chain Lightning by Vehumet.
 38178 | Vaults:1 | Reached skill level 18 in Fighting
 39011 | Vaults:1 | Identified the +0 cloak of a bazaar {rPois}
 39194 | Vaults:1 | Mangled by Foasmeck's ghost

Illustrated notes

Levels and vault maps discovered:
D:1:      lemuel_arrival_broad_hall, layout_basic, minmay_quantized
D:2:      layout_loops_corners, basic_altar, serial_forest,
          infiniplex_forest_clump_curved, infiniplex_forest_lined_room_2,
          infiniplex_forest_straight_1, infiniplex_forest_lined_1,
          infiniplex_forest_clump_small, infiniplex_forest_zigzag_1,
          infiniplex_forest_lined_3_way, infiniplex_forest_straight_3,
          infiniplex_forest_straight_4, grunt_ministairs_15
D:3:      layout_loops_ring, grunt_temple_overflow_diamond, item_on_display_a
D:4:      layout_loops_ring, amcnicky_mini_corridor_feature
D:5:      layout_rooms, mainiacjoe_overflow_brackets, minmay_temple_entry_hall,
          uniq_pikel
D:6:      layout_cave_pools
D:7:      layout_basic
D:8:      layout_basic, minmay_fractal_squares_5
D:9:      layout_irregular_city, pdpol_temple_overflow_zin_treasury_gozag_greed,
          serial_shops, nicolae_inconvenience_store, guppyfry_early_elven_hall
D:10:     layout_rooms
D:11:     layout_long_grid, lair_entry_dummy, erik_orc_4
D:12:     layout_big_octagon
D:13:     minmay_containers, layout_basic, david_vaults_2, serial_shops, shop,
          worms_lemuel
D:14:     layout_irregular_city, serial_shops, shop, chequers_garden,
          minmay_misc_feat_enclosed, minivault_5, evilmike_ruin_ashenzari
D:15:     grunt_enter_depths_magical_seal, layout_long_grid, serial_bayou,
          serial_bayou_pond_a, serial_bayou_lagoon_a, serial_bayou_pond_d,
          serial_bayou_pond_d, minmay_puff
Temple:   nicolae_temple_slightly_damp_pantheon
Lair:1:   layout_regular_city, infiniplex_staircase_pool
Lair:2:   layout_small_grid, skrybe_swamp_entry_bodies, st_stairs_7,
          minmay_lindwurm_lava, serial_bayou_shore_a, uniq_maggie
Lair:3:   beast_lair_carwin_large_2, layout_big_grid,
          minmay_snake_entry_six_corridors
Lair:4:   layout_regular_city, serial_bayou_shore_b
Lair:5:   minmay_lair_end_frog_pond, layout_cave_shapes, dpeg_slime_entry_corner
Swamp:1:  layout_falls_marsh, hangedman_swamp_ruin_wall
Swamp:2:  layout_basic_swamp, evilmike_swamp_ruin_house_1
Swamp:3:  nzn_winding_woodlands_small [nzn_winding_woodlands_5x15_twine,
          nzn_winding_woodlands_center_garden,
          nzn_winding_woodlands_5x15_split_checker], layout_falls_marsh,
          portal_ice_cave_entry_dragon, serial_swamp_ruin,
          evilmike_swamp_ruin_house_2, evilmike_swamp_ruin_rubble_2,
          evilmike_swamp_ruin_house_4
Swamp:4:  swamp, layout_basic_swamp, swamp_pool3, infiniplex_staircase_pool_2
Orc:1:    layout_diamond_mine, uniq_nergalle, uniq_sonja, uniq_erolcha
Orc:2:    st_orc_mages, layout_diamond_mine, basic_altar
Vaults:1: advil_vaults_ghost_lines, v_rooms_6, hangedman_vaults_maws, v_misc_5,
          hangedman_vaults_river_flow, st_octagons_1, vaults_standard_mumra_x,
          v_misc_15, hangedman_vaults_hat, ontoclasm_vaults_decontamination,
          layout_vaults_maze_snakey

Skill      XL: |  1  2  3  4  5  6  7  8  9 10 11 12 13 14 15 16 17 18 |
---------------+-------------------------------------------------------+-----
Fighting       | 1 2 3 4 5 7 8 10 11 12 13 14 15 17 18 | 18.1
Earth Magic    | 4 5 6 7 9 10 12 13 14 | 14.1
Conjurations   | 1 2 3 4 5 7 9 11 | 11.1
Armour         | 1 2 3 4 6 8 9 11 12 13 | 13.0
Dodging        | 2 3 4 5 6 7 |  7.0
Summonings     | 1 4 6 7 9 10 12 13 | 13.0
Translocations | 1 4 6 7 9 10 12 13 | 13.0
Spellcasting   | 6 |  6.2
Stealth        | |  2.1
Transmutations | |  0.7

Action                   |  1- 3 |  4- 6 |  7- 9 | 10-12 | 13-15 | 16-18 || total
-------------------------+-------+-------+-------+-------+-------+-------++-------
Melee: Unarmed           |    21 |       |       |       |       |       ||    21
       Staff             |       |    39 |    13 |   107 |       |    67 ||   226
       Whip              |       |       |       |    22 |       |       ||    22
       Punch             |       |       |       |     2 |       |       ||     2
       Quarterstaff      |       |       |       |    76 |   500 |   200 ||   776
 Cast: Sandblast         |    50 |    73 |   129 |   401 |   590 |   247 ||  1490
       Stone Arrow       |       |       |       |    22 |   170 |   490 ||   682
       Iron Shot         |       |       |       |       |    22 |   124 ||   146
       Lee's Rapid Decon |       |       |       |       |       |    84 ||    84
       Malign Gateway    |       |       |       |       |       |     3 ||     3
Evoke: Wand              |       |       |       |       |    10 |       ||    10
  Use: Scroll            |       |       |       |    23 |    13 |    15 ||    51
       Potion            |       |       |       |     2 |     3 |    18 ||    23
 Stab: Sleeping          |       |       |       |       |     1 |       ||     1
       Distracted        |       |       |       |       |       |     3 ||     3
       Confused          |       |       |       |       |       |     1 ||     1
Armor: Robe              |    10 |     2 |       |       |       |    83 ||    95
       Ring mail         |       |    24 |    77 |    39 |       |       ||   140
       Troll leather arm |       |       |       |   186 |   602 |   545 ||  1333
Dodge: Dodged            |    13 |    38 |    62 |   492 |  1317 |   774 ||  2696
Block: Other             |       |       |       |       |    94 |   240 ||   334
       Reflection        |       |       |       |       |     3 |    10 ||    13

Table legend: (Time is in decaauts)
 A = Elapsed time spent in this place.
 B = Non-inter-level travel time spent in this place.
 C = Inter-level travel time spent in this place.
 D = Time resting spent in this place.
 E = Time spent auto-exploring this place.
 F = Levels seen in this place.
 G = Mean time per level.
                   A        B        C        D        E       F      G
               +--------+--------+--------+--------+--------+-----+--------+
         Total |  40300 |  38003 |   2297 |   3025 |  26437 |  29 | 1389.7 |
       Dungeon |  18279 |  17236 |   1043 |    854 |  12745 |  15 | 1218.6 |
        Temple |    158 |    138 |     20 |      0 |    113 |   1 |  158.0 |
          Lair |   7013 |   6516 |    497 |    455 |   4404 |   5 | 1402.6 |
         Swamp |   7188 |   6900 |    288 |   1454 |   4208 |   4 | 1797.0 |
  Orcish Mines |   2505 |   2223 |    282 |    156 |   1292 |   2 | 1252.5 |
        Vaults |   3669 |   3504 |    165 |      0 |   2777 |   1 | 3669.0 |
      Ice Cave |   1486 |   1486 |      0 |    106 |    898 |   1 | 1486.0 |
               +--------+--------+--------+--------+--------+-----+--------+

Top non-repeatable levels by time:
Vaults:1: 3669 daAuts
 Swamp:3: 2938 daAuts
    D:13: 2128 daAuts
    D:15: 1902 daAuts
    D:14: 1861 daAuts
  Lair:4: 1834 daAuts
 Swamp:2: 1789 daAuts
    D:11: 1662 daAuts
  Lair:2: 1500 daAuts
   Orc:2: 1494 daAuts
   IceCv: 1486 daAuts
  Lair:5: 1367 daAuts
 Swamp:1: 1349 daAuts
     D:9: 1275 daAuts
  Lair:3: 1158 daAuts
